 Dungeon Crawl Stone Soup version 0.30-a0-219-gf2db51d15e (webtiles) character file.

Game seed: 4311574573443245945

53 KennySheep the Vexing (level 3, -2/20 HPs)
             Began as a Deep Elf Hexslinger on Oct 8, 2022.
             Was a Follower of Okawaru.
             Slain by a worm (11 damage)
             ... on level 2 of the Dungeon.
             The game lasted 00:03:09 (871 turns).

KennySheep the Vexing (Deep Elf Hexslinger)          Turns: 871, Time: 00:03:09

Health: -2/20      AC:  2    Str:  7    XL:     3   Next: 64%
Magic:  7/7        EV: 13    Int: 17    God:    Okawaru [*.....]
Gold:   43         SH:  0    Dex: 17    Spells: 4/5 levels left

rFire   . . .      SeeInvis .    a - +1 sling
rCold   . . .      Faith    .    (no shield)
rNeg    . . .      Spirit   .    c - +0 robe
rPois   .          Reflect  .    (no helmet)
rElec   .          Harm     .    (no cloak)
rCorr   .          Rampage  .    (no gloves)
Will    .....                    (no boots)
Stlth   ++........               (no amulet)
HPRegen 0.23/turn                (no ring)
MPRegen 0.10/turn                (no ring)

@: no status effects
A: no striking features
a: Renounce Religion, Heroism


You were on level 2 of the Dungeon.
You worshipped Okawaru.
Okawaru was aware of your devotion.
You visited 1 branch of the dungeon, and saw 2 of its levels.

You collected 43 gold pieces.

Inventory:

Hand Weapons
 a - a +1 sling (weapon)
Armour
 c - a +0 robe (worn)
Scrolls
 b - a scroll of poison
 f - a scroll of enchant weapon {unknown}
 h - 2 scrolls of identify {unknown}
Potions
 d - a potion of cancellation {unknown}
 e - a potion of curing {unknown}
 g - a potion of attraction {unknown}
 i - a potion of lignification {unknown}


   Skills:
 - Level 0.7 Fighting
 + Level 4.1 Ranged Weapons
 - Level 2.4 Dodging
 - Level 1.5 Spellcasting
 + Level 5.1 Hexes
 + Level 0.9 Invocations


You had 4 spell levels left.
You knew the following spells:

 Your Spells              Type           Power      Damage    Failure   Level
a - Slow                  Hex            72%        N/A       2%          1

Your spell library contained the following spells:

 Spells                   Type           Power      Damage    Failure   Level
 Inner Flame              Hex/Fire       9%         N/A       22%         3
 Portal Projectile        Hex/Tloc       18%        N/A       22%         3
 Cause Fear               Hex            9%         N/A       24%         4


Dungeon Overview and Level Annotations

Branches:
Dungeon (2/15)

Altars:
Okawaru

Shops:
D:1 (


Message History

No target in view!
There's nothing to open nearby.
There's nothing to open nearby.
There's nothing to open nearby.
You now have 34 gold pieces (gained 12).
You now have 43 gold pieces (gained 9).
i - a clear potion A worm, a ball python, a rat and a frilled lizard come into view.
Found a scroll labelled TAIRUOCIER.
There are monsters nearby!
No target in view!
The ball python hisses angrily.
The frilled lizard hisses angrily.
You shoot a sling bullet.
The sling bullet closely misses the frilled lizard.
The sling bullet hits the worm.
The worm is lightly wounded.
You shoot a sling bullet.
The sling bullet hits the frilled lizard.
You kill the frilled lizard!
Okawaru accepts your kill.
You shoot a sling bullet. The sling bullet hits the worm.
The worm is lightly wounded.
You shoot a sling bullet.
The sling bullet hits the worm but does no damage.
The worm barely misses you.
You shoot a sling bullet. The sling bullet hits the worm.
The worm is moderately wounded.
You shoot a sling bullet. The sling bullet hits the worm.
The worm is heavily wounded.
The worm bites you.
You shoot a sling bullet. The sling bullet hits the worm!
The worm is almost dead.
You hear a shout!
The worm bites you.
You shoot a sling bullet.
The sling bullet hits the worm but does no damage.
The worm is severely wounded.
The worm bites you!
Ouch! That really hurt!
You die...

.#. ... ..# ### #.?
....#.. ######
....... #....#
.......#########....#
......rSw@..........#
......####........###
..... #........# ....
#........# .S.
#........# ##
####........#
............+
............#
..........).#######


You could see a worm, a ball python and a rat.

Vanquished Creatures
  A worm (D:2)
  A dart slug (D:1)
  2 ball pythons (D:1)
  An endoplasm (D:2)
  A giant cockroach (D:1)
  3 goblins (D:1)
  5 hobgoblins
  11 jackals (D:1)
  2 kobolds
  5 quokkas (D:1)
  3 bats (D:1)
  2 frilled lizards
  3 rats (D:1)
40 creatures vanquished.

Vanquished Creatures (others)
  9 withered plants (D:1)
9 creatures vanquished.

Grand Total: 49 creatures vanquished

Notes
Turn   | Place    | Note
-------+----------+-------------------------------------------
     0 | D:1      | KennySheep the Deep Elf Hexslinger began the quest for the
                  | Orb.
     0 | D:1      | Reached XP level 1. HP: 11/11 MP: 5/5
   113 | D:1      | Reached XP level 2. HP: 16/16 MP: 6/6
   297 | D:1      | Found a faded altar of an unknown god.
   314 | D:1      | Prayed at the altar of an unknown god.
   314 | D:1      | Became a worshipper of Warmaster Okawaru
   314 | D:1      | Reached * piety under Okawaru
   379 | D:1      | Found Geonozim's Antique Weapon Shoppe.
   403 | D:1      | Reached XP level 3. HP: 20/20 MP: 7/7
   513 | D:1      | Reached skill level 5 in Hexes
   871 | D:2      | Slain by a worm

Illustrated notes

Levels and vault maps discovered:
D:1:      nagdon_arrival_double_spiral, layout_rooms, serial_shops,
          nicolae_shop_advertising_works [nicolae_subvault_shop_adworks],
          ebering_ecumenical_altar_petrified
D:2:      layout_basic, solitary_fountain, minmay_tromino_i4

Skill      XL: |  1  2  3 |
---------------+----------+-----
Ranged Weapons | 3 4 |  4.1
Hexes          | 5 |  5.1
Fighting       | |  0.7
Dodging        | |  2.4
Spellcasting   | |  1.5
Invocations    | |  0.9

Action                   || total
-------------------------++-------
 Fire: Sling             ||   171
Armor: Robe              ||    22
Dodge: Dodged            ||    72

Table legend: (Time is in decaauts)
 A = Elapsed time spent in this place.
 B = Non-inter-level travel time spent in this place.
 C = Inter-level travel time spent in this place.
 D = Time resting spent in this place.
 E = Time spent auto-exploring this place.
 F = Levels seen in this place.
 G = Mean time per level.
                   A        B        C        D        E       F      G
               +--------+--------+--------+--------+--------+-----+--------+
         Total |    907 |    881 |     26 |    113 |    494 |   2 |  453.5 |
       Dungeon |    907 |    881 |     26 |    113 |    494 |   2 |  453.5 |
               +--------+--------+--------+--------+--------+-----+--------+

Top non-repeatable levels by time:
     D:1: 753 daAuts
     D:2: 153 daAuts
